 Dungeon Crawl Stone Soup version 0.26.1-11-gd32895ea62 (webtiles) character file.

Game seed: 4461594489294676122

235 feorh the Chopper (level 6, -1/51 HPs)
             Began as a Ghoul Fighter on Apr 30, 2021.
             Slain by a leopard gecko (3 damage)
             ... on level 3 of the Dungeon.
             The game lasted 00:02:40 (1487 turns).

feorh the Chopper (Ghoul Fighter)                   Turns: 1487, Time: 00:02:42

Health: -1/51      AC:  8    Str: 22    XL:     6   Next: 5%
Magic:  5/5        EV:  7    Int:  3    God:
Gold:   59         SH:  8    Dex:  8    Spells: 5/5 levels left

rFire    . . .     SeeInvis .   a - +0 war axe
rCold    + . .     Faith    .   c - +0 kite shield
rNeg     + + +     Spirit   .   b - +0 scale mail
rPois    ∞         Reflect  .   p - +0 helmet
rElec    .         Harm     .   n - +0 cloak
rCorr    .         Rampage  .   (no gloves)
Will     .....                  (no boots)
Stlth    ..........             (no amulet)
HPRegen  0.00/turn              (no ring)
MPRegen  0.09/turn              (no ring)

@: no status effects
A: claws 1, cold resistance 1, negative energy resistance 3, inhibited
regeneration, torment resistance, unbreathing
a: no special abilities


You were on level 3 of the Dungeon.
You visited 1 branch of the dungeon, and saw 3 of its levels.

You collected 59 gold pieces.

Inventory:

Hand Weapons
 a - a +0 war axe (weapon)
Armour
 b - a +0 scale mail (worn)
 c - a +0 kite shield (worn)
 n - a +0 cloak (worn)
 p - a +0 helmet (worn)
Jewellery
 g - a cursed ring of attention {unknown}
 k - an uncursed ring of protection from fire {unknown}
 l - a cursed ring of attention {unknown}
Scrolls
 f - 2 scrolls of teleportation {unknown}
 h - a scroll of blinking {unknown}
 i - 2 scrolls of identify {unknown}
 m - a scroll of immolation {unknown}
 o - a scroll of remove curse {unknown}
Potions
 d - a potion of might
 j - a potion of heal wounds {unknown}


   Skills:
 - Level 3.2 Fighting
 + Level 5.6 Axes
 - Level 2.6 Armour
 - Level 2.6 Shields


You had 5 spell levels left.
You didn't know any spells.
Your spell library was empty.

Dungeon Overview and Level Annotations

Branches:
Dungeon (3/15)

Altars:
Kikubaaqudgha


Innate Abilities, Weirdness & Mutations

You thrive by killing the living.
You are immune to poison.
You have sharp fingernails.
Your flesh is cold resistant. (rC+)
You are immune to negative energy. (rN+++)
You do not regenerate when monsters are visible.
You are immune to unholy pain and torment.
You can survive without breathing.


Message History

You hit Purgy.
Purgy is almost dead.
Purgy barely misses you. You block Purgy's attack.
Purgy claws you but does no damage.
Purgy clenches his claws.
Purgy bites you but does no damage. You block Purgy's attack.
Purgy claws you but does no damage.
You slash Purgy!
You kill Purgy!
The leopard gecko bites you.
* * * LOW HITPOINT WARNING * * *
Your Axes skill increases to level 5!
You have reached level 6!
Your experience leads to an increase in your attributes!
Increase (S)trength, (I)ntelligence, or (D)exterity?
You feel stronger.
Unknown command.
You miss the leopard gecko. You block the leopard gecko's attack.
The leopard gecko bites you.
You die...

#..## #. .. #... #.
#..###(.# #.
#..[...# #w #.# #.
#(# #.####### #.#
#.<...... #l#
######### ##@# #
#..########### ###
#..........#.. ...
#.########.#.# #
#.# #.#.# # #.#
#.#.### # #.#
#.#...####
#.########.#.#.....
#.......(......####


You could see a leopard gecko.

Vanquished Creatures
  Purgy (D:3)
  A vampire bat (D:2)
  Robin (D:2)
  4 adders (D:2)
  A worm (D:2)
  4 leopard geckos (D:2)
  2 bats (D:2)
  A bat skeleton (D:2)
  4 bat zombies (D:2)
  2 giant cockroaches
  14 goblins (D:2)
  3 hobgoblins (D:2)
  5 kobolds (D:2)
  2 frilled lizards (D:2)
  5 rats (D:2)
50 creatures vanquished.

Notes
Turn   | Place    | Note
-------+----------+-------------------------------------------
     0 | D:1      | feorh the Ghoul Fighter began the quest for the Orb.
     0 | D:1      | Reached XP level 1. HP: 19/19 MP: 0/0
    46 | D:2      | Reached skill level 2 in Axes
   210 | D:2      | Reached XP level 2. HP: 7/26 MP: 1/1
   571 | D:2      | Reached skill level 3 in Axes
   571 | D:2      | Reached XP level 3. HP: 31/31 MP: 2/2
   839 | D:2      | Reached XP level 4. HP: 35/38 MP: 3/3
   891 | D:2      | Found an ancient bone altar of Kikubaaqudgha.
   894 | D:2      | Reached skill level 4 in Axes
  1196 | D:2      | Reached XP level 5. HP: 41/45 MP: 4/4
  1233 | D:2      | Noticed Robin
  1271 | D:2      | Killed Robin
  1446 | D:3      | Noticed Purgy
  1486 | D:3      | Killed Purgy
  1486 | D:3      | HP: 2/45 [leopard gecko (1)]
  1487 | D:3      | Reached skill level 5 in Axes
  1487 | D:3      | Reached XP level 6. HP: 2/51 MP: 5/5
  1487 | D:3      | Slain by a leopard gecko

Illustrated notes

Levels and vault maps discovered:
D:1:      moated_graveyard_arrival, layout_loops_ring, serial_forest,
          infiniplex_forest_clump_curved, infiniplex_forest_clump_medium,
          infiniplex_forest_clump_small, infiniplex_forest_3_way,
          infiniplex_forest_clump_medium, infiniplex_forest_clump_diagonal
D:2:      layout_basic, kennysheep_vampire_church, chequers_avenue, uniq_robin
D:3:      layout_loops_ring, gammafunk_ghost_stat_death,
          minmay_fractal_squares_5, uniq_crazy_yiuf_cottage, uniq_purgy

Skill      XL: |  1  2  3  4  5 |
---------------+----------------+-----
Axes           | 2 3 4 5 |  5.6
Fighting       | |  3.2
Armour         | |  2.6
Shields        | |  2.6

Action                   |  1- 3 |  4- 6 || total
-------------------------+-------+-------++-------
Melee: War axe           |    75 |   130 ||   205
Throw: Dart              |     5 |     5 ||    10
Armor: Scale mail        |    32 |    93 ||   125
Dodge: Dodged            |    29 |    46 ||    75
Block: Kite shield       |    42 |    96 ||   138
